 Dungeon Crawl Stone Soup version 0.30.1-11-g7821555f0a (webtiles) character file.

Game seed: 13930565970852439771

179 Peloso the Slasher (level 5, -1/46 HPs)
             Began as a Minotaur Fighter on Nov 28, 2023.
             Killed by divine providence
             ... invoked by an orc priest
              (13 damage)
             ... on level 4 of the Dungeon.
             The game lasted 00:03:52 (2419 turns).

Peloso the Slasher (Minotaur Fighter)               Turns: 2419, Time: 00:03:53

Health: -1/46      AC:  7    Str: 20 (21) XL:     5   Next: 33%
Magic:  4/4        EV:  9    Int:  4 (5)  God:
Gold:   220        SH:  4    Dex:  8 (11) Spells: 4/4 levels left

rFire   . . .        a - +1 long sword
rCold   . . .        c - +0 buckler
rNeg    . . .        b - +0 scale mail
rPois   .            (helmet restricted)
rElec   .            (no cloak)
rCorr   .            (no gloves)
SInv    .            (no boots)
Will    +....        (no amulet) Stlth
                     l - ring of willpower
HPRegen 0.27/turn    (no ring)
MPRegen 0.09/turn

%: no passive effects
@: no status effects
A: horns 2, retaliatory headbutt
a: no special abilities


You were on level 4 of the Dungeon.
You visited 1 branch of the dungeon, and saw 4 of its levels.

You collected 220 gold pieces.

Inventory:

Hand Weapons
 a - a +1 long sword (weapon)
Armour
 b - a +0 scale mail (worn)
 c - a +0 buckler (worn)
Jewellery
 j - an amulet of regeneration
 l - a ring of willpower (left hand)
Scrolls
 g - 2 scrolls of identify
 i - a scroll of fear
Potions
 d - a potion of might
 e - a potion of degeneration
 f - a potion of haste
 h - a potion of ambrosia {unknown}
 k - a potion of heal wounds {unknown}


   Skills:
 + Level 4.2 Fighting
 + Level 4.7 Long Blades
 + Level 4.6 Armour
 + Level 1.1 Dodging
 + Level 4.6 Shields


You had 4 spell levels left.
You didn't know any spells.
Your spell library was empty.

Dungeon Overview and Level Annotations

Branches:
Dungeon (4/15)
 Temple: D:4-7

Altars:


Innate Abilities, Weirdness & Mutations

You have a pair of horns on your head.
You reflexively headbutt those who attack you in melee.


Message History

You furiously retaliate!
You headbutt the orc priest.
Unknown command.
You hit the orc priest.
The orc priest is heavily wounded.
Something hits you but does no damage. The orc hits you but does no damage.
The orc priest looks satisfied for a moment.
Unknown command.
You slash the orc priest!
You kill the orc priest!
The orc hits you but does no damage.
You hear some strange, mumbled words.
A puff of flame appears from out of thin air!
The puff of flame hits you. The orc hits you but does no damage.
Unknown command.
You closely miss the orc. The orc hits you but does no damage.
The orc completely misses you. You block something's attack.
The orc hits you but does no damage. x2
Unknown command.
You barely miss the orc. The orc priest hits you with a +0 whip.
The orc hits you with a +0 club.
* * * LOW HITPOINT WARNING * * *
Something hits you but does no damage. You block the orc's attack.
Unknown command.
You barely miss the orc.
The orc priest hits you but does no damage.
The orc misses you. The orc hits you but does no damage. Something hits you.
* * * LOW HITPOINT WARNING * * *
Unknown command.
You slash the orc!
You kill the orc!
Something hits you but does no damage. The orc priest barely misses you.
The orc hits you with a +0 club.
* * * LOW HITPOINT WARNING * * *
Unknown command.
It was a potion of degeneration.
There was something very wrong with that liquid.
You feel weakened.
You feel dopey.
You feel clumsy.
The orc priest invokes the aid of Beogh against you.
Beogh smites you!
You die...

#....+ ..
##########....#....
!....#...#....#....
.....#...#....#...
................#......#
.........[..#...#......#
................# ......
#......).##.....# #.....
#.....{@).#.....# #.....
......oo..#.....# #.....
..........#....####.....
..#.?.....#.......####<.
. #......##.....))).....
#......###....).......
...............#......
#...............#.....#
..........#.....#


You could see an orc priest and an orc.

Vanquished Creatures
  An orc priest (D:4)
  4 adders
  A worm (D:3)
  4 dart slugs
  12 orcs
  8 endoplasms
  7 giant cockroaches
  7 goblins
  6 hobgoblins
  7 jackals (D:1)
  3 kobolds
  4 quokkas
  6 ball pythons
  2 bats (D:2)
  6 frilled lizards
  6 rats
84 creatures vanquished.

Notes
Turn   | Place    | Note
-------+----------+-------------------------------------------
     0 | D:1      | Peloso the Minotaur Fighter began the quest for the Orb.
     0 | D:1      | Reached XP level 1. HP: 19/19 MP: 0/0
   101 | D:1      | Reached XP level 2. HP: 27/27 MP: 1/1
   488 | D:1      | Reached XP level 3. HP: 33/33 MP: 2/2
  1599 | D:3      | Reached XP level 4. HP: 40/40 MP: 3/3
  1862 | D:3      | Noticed a great orb of eyes
  1864 | D:3      | Found a faded altar of an unknown god.
  1865 | D:3      | Noticed a golden eye
  1865 | D:3      | Noticed a great orb of eyes
  1865 | D:3      | Noticed an eye of devastation
  2112 | D:3      | Reached skill level 1 in Dodging
  2352 | D:4      | Reached XP level 5. HP: 46/46 MP: 4/4
  2419 | D:4      | Killed from afar by an orc priest

Illustrated notes

Levels and vault maps discovered:
D:1:      roderic_dead_forest, layout_loops_ring
D:2:      layout_basic, hangedman_decor_growths, hex_tiny
D:3:      layout_basic, hellmonk_ecumenical_altar_watching_god,
          hangedman_decor_points, st_stairs_1,
          nicolae_concentric_dashed_squares_mild
D:4:      layout_basic

Skill      XL: |  1  2  3  4 |
---------------+-------------+-----
Shields        | 4 |  4.6
Armour         | 4 |  4.6
Long Blades    | 3 4 |  4.7
Fighting       | 4 |  4.2
Dodging        | 1 |  1.1

Action                     |  1- 3 |  4- 6 || total
---------------------------+-------+-------++-------
  Melee: Long sword        |   103 |    76 ||   179
         Headbutt          |    17 |    15 ||    32
    Use: Scroll            |     6 |       ||     6
         Potion            |     4 |     1 ||     5
 Armour: Scale mail        |    42 |    34 ||    76
  Dodge: Dodged            |    48 |    32 ||    80
  Block: Buckler           |    28 |    27 ||    55
